 Dungeon Crawl Stone Soup version 0.29-a0-418-gc0181ea820 (webtiles) character file.

Game seed: 17068779966429514013

14 Kae the Conjurer (level 2, -3/20 HPs)
             Began as a Gnoll Conjurer on May 17, 2022.
             Slain by Sigmund
             ... wielding a +0 scythe
              (6 damage)
             ... on level 2 of the Dungeon.
             The game lasted 00:02:08 (1151 turns).

Kae the Conjurer (Gnoll Conjurer)                   Turns: 1151, Time: 00:02:08

Health: -3/20      AC:  2    Str:  6    XL:     2   Next: 45%
Magic:  0/7        EV: 13    Int: 17    God:
Gold:   25         SH:  0    Dex: 10    Spells: 9/10 levels left

rFire   + . .      SeeInvis .   e - +0 spear
rCold   + . .      Faith    .   (no shield)
rNeg    . . .      Spirit   .   a - +0 robe
rPois   .          Reflect  .   (no helmet)
rElec   .          Harm     .   d - scarf {rC+ rF+}
rCorr   .          Rampage  .   (no gloves)
Will    .....                   (no boots)
Stlth   ++........              (no amulet)
HPRegen 0.06/turn               (no ring)
MPRegen 0.10/turn               (no ring)

@: no status effects
A: fangs 1, strong nose, distributed training
a: no special abilities


You were on level 2 of the Dungeon.
You visited 1 branch of the dungeon, and saw 3 of its levels.

You collected 25 gold pieces.

Inventory:

Hand Weapons
 e - a +0 spear (weapon)
Missiles
 f - 58 stones
 g - 8 poisoned darts
Armour
 a - a +0 robe (worn)
 d - a scarf of resistance (worn)
Scrolls
 h - 3 scrolls of identify {unknown}
 i - a scroll of teleportation {unknown}
Potions
 b - a potion of magic
 c - a potion of haste {unknown}


   Skills:
 + Level 0.4 Fighting
 + Level 0.4 Short Blades
 + Level 0.4 Long Blades
 + Level 0.4 Axes
 + Level 0.4 Maces & Flails
 + Level 0.4 Polearms
 + Level 0.4 Staves
 + Level 0.4 Slings
 + Level 0.4 Bows
 + Level 0.4 Crossbows
 + Level 0.4 Throwing
 + Level 0.4 Armour
 + Level 4.5 Dodging
 + Level 4.1 Stealth
 + Level 0.4 Shields
 + Level 0.4 Unarmed Combat
 + Level 4.9 Spellcasting
 + Level 7.0 Conjurations
 + Level 0.2 Hexes
 + Level 0.2 Summonings
 + Level 0.2 Necromancy
 + Level 0.2 Translocations
 + Level 0.2 Transmutations
 + Level 0.2 Fire Magic
 + Level 0.2 Ice Magic
 + Level 0.2 Air Magic
 + Level 0.2 Earth Magic
 + Level 0.2 Poison Magic
 + Level 0.5 Invocations
 + Level 0.4 Evocations


You had 9 spell levels left.
You knew the following spells:

 Your Spells              Type           Power      Damage    Failure   Level
a - Magic Dart            Conj           100%       1d8       1%          1

Your spell library contained the following spells:

 Spells                   Type           Power      Damage    Failure   Level
 Searing Ray              Conj           56%        2d6       1%          2
 Dazzling Flash           Conj/Hex       32%        N/A       10%         3
 Animate Skeleton         Necr           10%        N/A       13%         1
 Pain                     Necr           20%        1d5       13%         1
 Fulminant Prism          Conj/Hex       8%         3d7       30%         4
 Iskenderun's Mystic Bla  Conj/Tloc      16%        2d5       30%         4
 Vampiric Draining        Necr           5%         2d6       36%         3


Dungeon Overview and Level Annotations

Branches:
Dungeon (3/15)

Altars:

Annotations:
D:2 Sigmund


Innate Abilities, Weirdness & Mutations

You have very sharp teeth.
Your uncanny sense of smell can sniff out nearby items.
Your experience applies equally to all skills.


Message History

There is an open door here.
There is an open door here.
You open the door. You open the door.
There is an open door here.
The magic dart hits Sigmund.
Sigmund is moderately wounded.
The magic dart hits Sigmund.
Sigmund is moderately wounded.
The magic dart hits Sigmund.
Sigmund is heavily wounded.
The magic dart hits Sigmund.
Sigmund is severely wounded.
The magic dart hits Sigmund but does no damage.
Sigmund is severely wounded.
Sigmund is suddenly surrounded by pale green light.
Sigmund hits you from afar with a +0 scythe.
The magic dart hits Sigmund.
Sigmund is severely wounded.
Sigmund closely misses you.
The magic dart hits Sigmund.
Sigmund is almost dead.
Sigmund hits you with a +0 scythe!
Ouch! That really hurt!
* * * LOW HITPOINT WARNING * * *
You barely miss Sigmund.
Sigmund is almost dead.
Sigmund hits you but does no damage.
You hit Sigmund but do no damage.
Sigmund is almost dead.
Aiming: Magic Dart (safe; 1% risk of failure)
Press: ? - help, Q - select action, (/) - cycle Shift-Dir - straight line, f/p - Sigmund
Aim: Sigmund, wielding a +0 scythe and wearing a +0 robe (almost dead, 100% to hit)
The magic dart hits Sigmund.
Sigmund is almost dead.
Sigmund closely misses you.
You closely miss Sigmund.
Sigmund is almost dead.
Sigmund hits you with a +0 scythe.
You die...

#####'........#....#
≈..^.#........#....#
##
≈....#........#....#
.
≈....#######'##....#
# ≈≈≈≈≈# #.##....# #
###### #.##....# # .
∆
...####.##....#####
##+#+## .
...................
#......
........#..@...####
##.#.## ##
...####.#..@...#
#..... .. ..
#.#......# ###.##
###. #.#........
#....< ....
..#........# #.#.#.
..... #.#........# #
#.#. .#...
#.#........# ..#.
.#.# ######...# #.
...# #.


You could see Sigmund.

Vanquished Creatures
  A worm (D:2)
  An endoplasm (D:2)
  A kobold (D:1)
  2 quokkas (D:1)
  2 ball pythons
  2 bats (D:2)
  3 frilled lizards (D:2)
  A rat (D:1)
13 creatures vanquished.

Notes
Turn   | Place    | Note
-------+----------+-------------------------------------------
     0 | D:1      | Kae the Gnoll Conjurer began the quest for the Orb.
     0 | D:1      | Reached XP level 1. HP: 13/13 MP: 6/6
   245 | D:2      | Noticed Sigmund
   628 | D:2      | Reached XP level 2. HP: 19/19 MP: 5/7
  1151 | D:2      | Slain by Sigmund

Illustrated notes

Levels and vault maps discovered:
D:1:      dpeg_arrival_round_a, layout_loops_ring, grunt_decor_junction,
          palyth_stone_intersect
D:2:      layout_basic, hellmonk_ecumenical_altar_leap_of_faith, serial_rivers,
          chequers_serial_rivers_marsh, chequers_serial_rivers_large_b,
          chequers_serial_rivers_large_a, chequers_serial_rivers_room_a,
          chequers_serial_rivers_small_b, kennysheep_generic_room_8,
          uniq_sigmund
D:3:      layout_basic, lemuel_tele_altar

Action                   || total
-------------------------++-------
Melee: Spear             ||     3
 Cast: Magic Dart        ||    41
Armor: Robe              ||     1
Dodge: Dodged            ||     3

Table legend: (Time is in decaauts)
 A = Elapsed time spent in this place.
 B = Non-inter-level travel time spent in this place.
 C = Inter-level travel time spent in this place.
 D = Time resting spent in this place.
 E = Time spent auto-exploring this place.
 F = Levels seen in this place.
 G = Mean time per level.
                   A        B        C        D        E       F      G
               +--------+--------+--------+--------+--------+-----+--------+
         Total |   1158 |   1118 |     40 |    457 |    533 |   3 |  386.0 |
       Dungeon |   1158 |   1118 |     40 |    457 |    533 |   3 |  386.0 |
               +--------+--------+--------+--------+--------+-----+--------+

Top non-repeatable levels by time:
     D:2: 588 daAuts
     D:3: 332 daAuts
     D:1: 237 daAuts
